 Dungeon Crawl Stone Soup version 0.31-a0-485-gaadceae713 (webtiles) character file.

Game seed: 1385961831378013361

402 vineage the Trooper (level 6, -2/41 HPs)
             Began as a Gargoyle Fighter on Aug 7, 2023.
             Slain by an ogre
             ... wielding a +0 giant club
              (31 damage)
             ... on level 5 of the Dungeon.
             The game lasted 00:03:50 (3697 turns).

vineage the Trooper (Gargoyle Fighter)              Turns: 3697, Time: 00:03:51

Health: -2/41      AC: 14    Str: 20    XL:     6   Next: 85%
Magic:  6/6        EV:  7    Int:  8    God:
Gold:   196        SH:  4    Dex: 11    Spells: 5/5 levels left

rFire   . . .        a - +1 flail
rCold   . . .        c - +0 buckler
rNeg    + . .        j - +0 chain mail
rPois   ∞            (no helmet)
rElec   +            (no cloak)
rCorr   .            h - +0 pair of gloves
SInv    .            (no boots)
Will    .....        (no amulet) Stlth
                     (no ring)
HPRegen 0.26/turn    (no ring)
MPRegen 0.10/turn

%: no passive effects
@: no status effects
A: sickness immunity, AC +4, negative energy resistance 1, electricity
resistance, torment resistance 1, petrification resistance
a: no special abilities


You were on level 5 of the Dungeon.
You visited 1 branch of the dungeon, and saw 5 of its levels.

You collected 196 gold pieces.

Inventory:

Hand Weapons
 a - a +1 flail (weapon)
Armour
 c - a +0 buckler (worn)
 h - a +0 pair of gloves (worn)
 j - a +0 chain mail (worn)
Wands
 r - a wand of light (12)
Scrolls
 e - a scroll of amnesia {unknown}
 i - a scroll of teleportation
 k - a scroll of enchant armour {unknown}
 m - a scroll of enchant weapon
 o - 2 scrolls of noise {unknown}
 p - a scroll of silence {unknown}
 q - a scroll of fog
 t - a scroll of identify
Potions
 b - a potion of degeneration {unknown}
 d - a potion of might
 g - 2 potions of cancellation {unknown}
 l - 2 potions of mutation {unknown}
 n - a potion of invisibility {unknown}
 s - a potion of haste {unknown}
 u - a potion of curing {unknown}


   Skills:
 * Level 6.2 Fighting
 * Level 5.1 Maces & Flails
 - Level 3.2 Armour
 - Level 3.2 Shields


You had 5 spell levels left.
You didn't know any spells.
Your spell library contained the following spells:

 Spells                   Type           Power      Damage    Failure   Level
 Slow                     Hex            0%         N/A       99%         1
 Confusing Touch          Hex            0%         N/A       100%        3
 Inner Flame              Hex/Fire       0%         N/A       100%        3
 Ozocubu's Armour         Ice            0%         N/A       100%        3
 Vampiric Draining        Necr           0%         2d6       100%        3
 Flame Wave               Conj/Fire      0%         2d4       100%        4
 Sticky Flame             Conj/Fire      0%         2d3       100%        4
 Metabolic Englaciation   Hex/Ice        0%         N/A       100%        5
 Simulacrum               Ice/Necr       0%         N/A       100%        6


Dungeon Overview and Level Annotations

Branches:
Dungeon (5/15)
 Temple: D:4-7

Altars:
Ashenzari
Hepliaklqana
Makhleb
Sif Muna
Vehumet
Yredelemnul


Innate Abilities, Weirdness & Mutations

You are immune to sickness and miasma.
Your stone body is resilient. (AC +4)
You are immune to poison.
You resist negative energy. (rN+)
You are resistant to electric shocks. (rElec)
You are resistant to unholy torment.
You are immune to petrification.


Message History

The howler monkey is almost dead.
The howler monkey hoots and howls with incredible vigour!
The howler monkey hits you.
You hear a bark!
You completely miss the howler monkey.
The howler monkey is almost dead.
The howler monkey barely misses you.
You sock the howler monkey!
You kill the howler monkey!
The ogre hits you with a +0 giant club.
You hit the iguana.
The iguana is moderately wounded.
The iguana bites you! The ogre closely misses you.
The iguana closely misses you.
You barely miss the iguana.
The iguana is moderately wounded.
The ogre barely misses you. The iguana barely misses you.
You hit the iguana.
The iguana is moderately wounded.
The iguana barely misses you.
You hit the iguana but do no damage.
The iguana is moderately wounded.
You block the ogre's attack. The iguana bites you!
You are too injured to fight recklessly!
You are too injured to fight recklessly!
You are too injured to fight recklessly!
You are too injured to fight recklessly!
You are too injured to fight recklessly!
You are too injured to fight recklessly!
You are too injured to fight recklessly!
You are too injured to fight recklessly!
You are too injured to fight recklessly!
You are too injured to fight recklessly!
You are too injured to fight recklessly!
You are too injured to fight recklessly!
You feel much better. The ogre hits you with a +0 giant club!
The iguana barely misses you.
The ogre hits you with a +0 giant club!!
Ouch! That really hurt!
You die...

##+## ##...## ##.....##
##.......## .##.........#
..'.........+
##.....†)..# ..#..lO...#
#.##..@..## #.###...##
#.####'##### #
#.##.......# #.
#.##.#.###.#
#.##.##<##.#.###.#
#.......##....##.########
#........#...............
#.#####..#.......########


You could see an ogre and an iguana.

Vanquished Creatures
  A howler monkey (D:5)
  2 orc priests
  An iguana (D:3)
  Natasha (thrice) (D:4)
  2 orc wizards (D:4)
  4 gnolls (D:4)
  4 adders
  2 worms (D:4)
  2 dart slugs
  6 orcs (D:4)
  2 endoplasms
  3 giant cockroaches
  8 goblins
  6 hobgoblins
  6 jackals (D:1)
  5 kobolds
  3 quokkas
  2 ball pythons
  4 bats
  3 frilled lizards
  6 rats
75 creatures vanquished.

Notes
Turn   | Place    | Note
-------+----------+-------------------------------------------
     0 | D:1      | vineage the Gargoyle Fighter began the quest for the Orb.
     0 | D:1      | Reached XP level 1. HP: 14/14 MP: 1/1
    72 | D:1      | Reached XP level 2. HP: 18/19 MP: 2/2
   271 | D:1      | Reached XP level 3. HP: 24/24 MP: 3/3
   271 | D:1      | Found a faded altar of an unknown god.
   296 | D:1      | Reached skill level 4 in Fighting
   956 | D:2      | Found a hazy altar of Hepliaklqana.
  1649 | D:3      | Reached XP level 4. HP: 30/30 MP: 4/4
  2560 | D:4      | Reached XP level 5. HP: 34/34 MP: 5/5
  2583 | D:4      | Found a broken altar of Ashenzari.
  2622 | D:4      | Reached skill level 5 in Fighting
  2798 | D:4      | Noticed Natasha
  2807 | D:4      | Killed Natasha
  2825 | D:4      | Found a hazy altar of Hepliaklqana.
  2831 | D:4      | Found a radiant altar of Vehumet.
  2831 | D:4      | Found a shimmering blue altar of Sif Muna.
  2843 | D:4      | Found a burning altar of Makhleb.
  2863 | D:3      | Reached XP level 6. HP: 5/40 MP: 6/6
  3323 | D:4      | Noticed Natasha
  3330 | D:4      | Killed Natasha
  3331 | D:4      | Reached skill level 6 in Fighting
  3418 | D:4      | Found a basalt altar of Yredelemnul.
  3593 | D:4      | Noticed Natasha
  3612 | D:4      | Killed Natasha
  3613 | D:4      | Reached skill level 5 in Maces & Flails
  3648 | D:5      | Entered Level 5 of the Dungeon
  3697 | D:5      | Slain by an ogre

Illustrated notes

Levels and vault maps discovered:
D:1:      onia_arrival_handbag, layout_basic, ebering_ecumenical_altar_webs
D:2:      layout_loops_cross, basic_altar
D:3:      layout_loops_corners
D:4:      layout_rooms, lemuel_crystal_altar, evilmike_ruin_ashenzari,
          grunt_temple_overflow_open, reono_crystal_passage,
          dk_rats_in_the_wall, uniq_natasha
D:5:      layout_loops_corners, minmay_temple_entry_nine_rooms,
          minmay_misc_feat_rugged, uniq_sigmund

Skill      XL: |  1  2  3  4  5  6 |
---------------+-------------------+-----
Fighting       | 4 5 6 |  6.2
Maces & Flails | 3 4 5 |  5.1
Armour         | |  3.2
Shields        | |  3.2

Action                     |  1- 3 |  4- 6 || total
---------------------------+-------+-------++-------
  Melee: Flail             |   119 |   183 ||   302
    Use: Scroll            |     5 |     1 ||     6
         Potion            |       |     2 ||     2
 Armour: Scale mail        |    49 |       ||    49
         Chain mail        |    21 |   104 ||   125
  Dodge: Dodged            |    66 |    71 ||   137
  Block: Buckler           |    22 |    32 ||    54

Table legend: (Time is in decaauts)
 A = Elapsed time spent in this place.
 B = Non-inter-level travel time spent in this place.
 C = Inter-level travel time spent in this place.
 D = Time resting spent in this place.
 E = Time spent auto-exploring this place.
 F = Levels seen in this place.
 G = Mean time per level.
                   A        B        C        D        E       F      G
               +--------+--------+--------+--------+--------+-----+--------+
         Total |   3786 |   3654 |    132 |    332 |   2579 |   5 |  757.2 |
       Dungeon |   3786 |   3654 |    132 |    332 |   2579 |   5 |  757.2 |
               +--------+--------+--------+--------+--------+-----+--------+

Top non-repeatable levels by time:
     D:3: 1246 daAuts
     D:1: 938 daAuts
     D:4: 930 daAuts
     D:2: 619 daAuts
     D:5: 52 daAuts
